 Dungeon Crawl Stone Soup version 0.26-a0-1107-g6118521029 (webtiles) character file.

Game seed: 4096913732203394578

364 sahdkjhfkaj the Skirmisher (level 6, -2/56 HPs)
             Began as a Hill Orc Hunter on Dec 17, 2020.
             Slain by a lemure (6 damage)
             ... led by Pikel
             ... on level 4 of the Dungeon.
             The game lasted 00:06:45 (4617 turns).

sahdkjhfkaj the Skirmisher (Hill Orc Hunter)        Turns: 4617, Time: 00:06:46

Health: -2/56      AC: 13    Str: 17    XL:     6   Next: 67%
Magic:  6/6        EV:  5    Int: 11    God:
Gold:   130        SH:  0    Dex: 11    Spells: 5/5 levels left

rFire    . . .     SeeInvis .   b - +0 war axe
rCold    . . .     Faith    .   (no shield)
rNeg     . . .     Spirit   .   h - +0 plate armour
rPois    .         Reflect  .   (no helmet)
rElec    .         Harm     .   (no cloak)
rCorr    .         Rampage  .   i - +1 pair of gloves
Will     .....                  (no boots)
Stlth    ..........             (no amulet)
HPRegen  0.18/turn              (no ring)
MPRegen  0.10/turn              (no ring)

@: no status effects
A: no striking features
a: no special abilities


You were on level 4 of the Dungeon.
You visited 1 branch of the dungeon, and saw 4 of its levels.

You collected 130 gold pieces.

Inventory:

Hand Weapons
 a - a +1 hand crossbow
 b - a +0 war axe (weapon)
Missiles
 d - 18 bolts
Armour
 h - a +0 plate armour (worn)
 i - a +1 pair of gloves (worn)
Jewellery
 o - an uncursed ring of wizardry {unknown}
Scrolls
 f - a scroll of enchant armour
 n - a scroll of teleportation {unknown}
 q - a scroll of remove curse {unknown}
Potions
 c - a potion of curing
 l - a potion of degeneration {unknown}
 m - 2 potions of heal wounds {unknown}
 p - a potion of resistance
 r - a potion of haste {unknown}


   Skills:
 + Level 5.0 Fighting
 - Level 2.0 Short Blades
 * Level 4.0 Axes
 - Level 3.6 Crossbows
 + Level 3.7 Armour
 - Level 1.5 Dodging
 - Level 0.7 Stealth


You had 5 spell levels left.
You didn't know any spells.
Your spell library contained the following spells:

 Spells                   Type           Power        Failure   Level
 Corona                   Hex            #......      100%        1
 Ensorcelled Hibernation  Hex/Ice        #.....       100%        2
 Confusing Touch          Hex            #.......     100%        3
 Dazzling Flash           Conj/Hex       #.....       100%        3
 Tukima's Dance           Hex            #.......     100%        3


Dungeon Overview and Level Annotations

Branches:
Dungeon (4/15)
 Temple: D:4-7

Altars:
Ashenzari
Gozag
Makhleb
Vehumet
The Shining One

Annotations:
D:4 Natasha, Pikel


Message History

* * * LOW HITPOINT WARNING * * *
The lemure hits you but does no damage. x2
Unknown command.
Okay, then.
As you read the scroll of fear, it crumbles to dust.
You assume a fearsome visage.
Natasha looks frightened!
Pikel looks frightened!
The lemure is unaffected. x4; The worker ant looks frightened!
The ogre looks frightened!
The lemure shouts!
The lemure hits you but does no damage. The lemure hits you.
* * * LOW HITPOINT WARNING * * *
You hit the lemure.
The lemure is severely wounded.
Your plate armour prevents you from hitting the lemure.
You hit the lemure but do no damage. The lemure hits you.
* * * LOW HITPOINT WARNING * * *
The lemure hits you.
* * * LOW HITPOINT WARNING * * *
The lemure completely misses you. The lemure hits you.
You die...

#.#.# #....
#.#.# ....
#.#.# ...
#.# #.# #.#
#.# #
###5#.###..
#..@5...5..
#...5...B..
#...........
#..[...O....
#.....)K....
.......####.
####...##
#...#


You could see Pikel (fleeing), an ogre (fleeing), 4 lemures and a worker ant
(fleeing).

Vanquished Creatures
  Grinder (D:3)
  A gnoll (D:1)
  6 adders
  A white imp (D:2)
  2 worms
  4 dart slugs
  A leopard gecko (D:4)
  6 orcs (D:3)
  2 giant cockroaches (D:3)
  9 goblins
  6 hobgoblins
  6 jackals
  7 kobolds
  A ball python (D:1)
  11 bats
  3 frilled lizards (D:1)
  7 rats
74 creatures vanquished.

Notes
Turn   | Place    | Note
-------+----------+-------------------------------------------
     0 | D:1      | sahdkjhfkaj the Hill Orc Hunter began the quest for the
                  | Orb.
     0 | D:1      | Reached XP level 1. HP: 18/18 MP: 1/1
    82 | D:1      | Reached skill level 1 in Short Blades
   199 | D:1      | Reached XP level 2. HP: 20/25 MP: 2/2
   536 | D:1      | Reached skill level 1 in Armour
   536 | D:1      | Reached XP level 3. HP: 17/30 MP: 3/3
   856 | D:1      | Reached skill level 3 in Fighting
  2328 | D:2      | Reached XP level 4. HP: 7/38 MP: 4/4
  3412 | D:2      | Reached skill level 4 in Fighting
  3721 | D:3      | Reached XP level 5. HP: 34/46 MP: 5/5
  4008 | D:3      | Found a radiant altar of Vehumet.
  4029 | D:3      | Reached skill level 1 in Axes
  4184 | D:3      | Noticed Grinder
  4318 | D:3      | Killed Grinder
  4319 | D:3      | Reached skill level 5 in Fighting
  4319 | D:3      | Reached XP level 6. HP: 56/56 MP: 6/6
  4337 | D:3      | Found a glowing golden altar of the Shining One.
  4437 | D:3      | Found a burning altar of Makhleb.
  4530 | D:3      | Found an opulent altar of Gozag.
  4535 | D:3      | Found a broken altar of Ashenzari.
  4610 | D:4      | Noticed Pikel
  4611 | D:4      | Noticed Natasha
  4617 | D:4      | Slain by a lemure

Illustrated notes

Levels and vault maps discovered:
D:1:      dpeg_arrival_simpleton_b, layout_basic, kennysheep_decorative_pillar
D:2:      layout_basic, minmay_misc_feat_nine_boxes
D:3:      layout_rooms, vehumet_crystals, grunt_temple_overflow_diamond,
          tso_oasis_becter, uniq_grinder
D:4:      layout_basic, kennysheep_mini_moat, bloody_trog, uniq_duvessa,
          uniq_natasha, uniq_pikel

Skill      XL: |  1  2  3  4  5  6 |
---------------+-------------------+-----
Short Blades   | 1 2 |  2.0
Armour         | 1 2 3 |  3.7
Fighting       | 3 4 5 |  5.0
Axes           | 3 4 |  4.0
Crossbows      | |  3.6
Dodging        | |  1.5
Stealth        | |  0.7

Action                   |  1- 3 |  4- 6 || total
-------------------------+-------+-------++-------
Melee: Short sword       |   115 |   188 ||   303
       War axe           |       |    54 ||    54
 Fire: Hand crossbow     |     9 |     9 ||    18
  Use: Scroll            |     1 |     5 ||     6
       Potion            |       |     3 ||     3
Armor: Leather armour    |    45 |    12 ||    57
       Plate armour      |       |   234 ||   234
Dodge: Dodged            |    79 |    89 ||   168

Table legend: (Time is in decaauts)
 A = Elapsed time spent in this place.
 B = Non-inter-level travel time spent in this place.
 C = Inter-level travel time spent in this place.
 D = Time resting spent in this place.
 E = Time spent auto-exploring this place.
 F = Levels seen in this place.
 G = Mean time per level.
                   A        B        C        D        E       F      G
               +--------+--------+--------+--------+--------+-----+--------+
         Total |   4648 |   4506 |    142 |   1456 |   2066 |   4 | 1162.0 |
       Dungeon |   4648 |   4506 |    142 |   1456 |   2066 |   4 | 1162.0 |
               +--------+--------+--------+--------+--------+-----+--------+

Top non-repeatable levels by time:
     D:1: 2046 daAuts
     D:2: 1682 daAuts
     D:3: 875 daAuts
     D:4: 43 daAuts
